 Dungeon Crawl Stone Soup version 0.19-a0-1673-g1c1b307 (webtiles) character file.

2849 puppykicker the Ruffian (level 9, -1/97 HPs)
             Began as an Ogre Transmuter on Sept 21, 2016.
             Was a Follower of Nemelex Xobeh.
             Slain by an adder (5 damage)
             ... on level 7 of the Dungeon on Sept 22, 2016.
             The game lasted 00:45:38 (12341 turns).

puppykicker the Ruffian (Ogre Transmuter)          Turns: 12341, Time: 00:45:39

Health: -1/97      AC:  6    Str: 17    XL:     9   Next: 74%
Magic:  6/13       EV: 10    Int: 17    God:    Nemelex Xobeh [*.....]
Gold:   354        SH:  0    Dex: 10    Spells: 6 memorised, 0 levels left

rFire  x . .     SeeInvis .       - Unarmed
rCold  + + +     Gourm    .     (armour currently unavailable)
rNeg   . . .     Faith    .     (shield currently unavailable)
rPois  +         Spirit   .     (helmet currently unavailable)
rElec  .         Dismiss  .     (cloak currently unavailable)
rCorr  .         Reflect  .     (gloves unavailable)
MR     .....     Harm     .     (boots unavailable)
Stlth  ++........               (no amulet)
                                J - +2 ring of intelligence
                                C - ring of stealth

@: lethally poisoned (-1 -> -4), ice-form, very slightly contaminated
A: unfitting armour, (tough skin 0)
a: End Transformation, Renounce Religion


You were on level 7 of the Dungeon.
You worshipped Nemelex Xobeh.
Nemelex Xobeh was aware of your devotion.
You were not hungry.
You were a creature of crystalline ice.
You visited 2 branches of the dungeon, and saw 9 of its levels.

You collected 354 gold pieces.


Innate Abilities, Weirdness & Mutations

You are too large for most types of armour.
((You have tough skin. (AC +1)))


   Skills:
 - Level 3.0 Fighting
 - Level 1.7 Dodging
 * Level 7.8 Unarmed Combat
 - Level 3.0 Spellcasting
 - Level 1.5 Charms
 * Level 5.3 Transmutations
 + Level 1.9 Ice Magic
 - Level 2.4 Poison Magic
 - Level 3.4 Invocations
 + Level 2.8 Evocations


You couldn't memorise any spells.
You knew the following spells:

 Your Spells              Type           Power        Failure   Level  Hunger
a - Beastly Appendage     Tmut           ###...       1%          1    None
b - Sticks to Snakes      Tmut           ###.....     2%          2    ##.....
c - Spider Form           Tmut/Pois      ###.......   12%         3    ###....
d - Ice Form              Ice/Tmut       ###.....     45%         4    ####...
k - Ozocubu's Armour      Chrm/Ice       #.......     24%         3    ###....
x - Summon Butterflies    Summ           #.......     21%         1    None

Inventory:

Hand Weapons
 c - a +0 blowgun
Missiles
 a - 112 arrows
 q - 21 poisoned needles
 r - 14 tomahawks (quivered)
Armour
 e - a +1 robe of cold resistance
 k - a +2 robe of magic resistance (melded)
 G - a +2 cloak (melded)
Jewellery
 C - a ring of stealth (left front paw)
 J - a +2 ring of intelligence (right front paw)
Wands
 g - a wand of flame (24/48)
 t - a wand of disintegration (15/24)
 A - a wand of flame (27/48)
Scrolls
 b - 2 scrolls of remove curse
 j - 2 scrolls of amnesia
 l - a scroll of enchant weapon
 m - a scroll of fog
 p - a scroll of recharging
 s - a scroll of enchant armour
 v - 3 scrolls of teleportation {unknown}
 D - a scroll of magic mapping
Potions
 h - a potion of brilliance
 o - 2 potions of cancellation
 w - a potion of might
 z - 2 potions of curing
 B - a potion of lignification {!q}
 E - a potion of haste
Books
 i - a book of Callings
 n - a book of Changes
 u - a book of Frost
 x - a book of the Dragon
 F - a book of Beasts
Miscellaneous
 y - a plain deck of summoning {drawn: 1}
 I - a plain deck of destruction
Comestibles
 d - 5 bread rations
 f - a meat ration

Dungeon Overview and Level Annotations

Branches:
Dungeon (8/15)             Temple (1/1) D:5
   Lair: D:8-11

Altars:
Ashenzari
Cheibriados
Dithmenos
Elyvilon
Fedhas
Gozag
Hepliaklqana
Kikubaaqudgha
Makhleb
Nemelex Xobeh
Okawaru
Qazlal
Ru
Sif Muna
Trog
Uskayaw
Vehumet
Xom
Yredelemnul
Zin
The Shining One
Beogh

Annotations:
D:4 Syn's ghost, amateur GrGl
D:8 Djon's ghost, novice HOFi

#...###.#.###########
###...#.#<..........##
###..[#.........)..##
#.)#>.............#
#..)..............#
#.##..............#
###)##..............#
####...##......F.......#
.....##........SY.....##
...............yyy...##
.####.####.###########
## #.# #<).# 8#
######.#)##
..8##......#[.#
...##.#######.###
.!.>#.# ##)....##
..[#### ##.......##


You could see a bullfrog, 3 killer bees and an adder.


Message History

The killer bee stings you but does no damage.
You punch the bullfrog! You freeze the bullfrog.
The bullfrog is severely wounded.
The killer bee barely misses you. The killer bee stings you.
* * * LOW HITPOINT WARNING * * *
The killer bee stings you.
* * * LOW HITPOINT WARNING * * *
The bullfrog hits you!
* * * LOW HITPOINT WARNING * * *
The adder bites you but does no damage. The killer bee stings you.
* * * LOW HITPOINT WARNING * * *
The killer bee stings you.
* * * LOW HITPOINT WARNING * * *
The killer bee stings you but does no damage.
The bullfrog hits you but does no damage.
The adder barely misses you.
Unknown command.
You closely miss the killer bee.
The killer bee stings you but does no damage.
The killer bee stings you!
* * * LOW HITPOINT WARNING * * *
The killer bee stings you but does no damage.
The bullfrog barely misses you. The killer bee stings you!
* * * LOW HITPOINT WARNING * * *
The killer bee stings you.
* * * LOW HITPOINT WARNING * * *
You are poisoned.
The killer bee poisons you! The adder bites you.
You die...
Your body disappears without a glow.

Action                   |  1- 3 |  4- 6 |  7- 9 || total
-------------------------+-------+-------+-------++-------
Melee: Unarmed           |   137 |   351 |   433 ||   921
       Kick              |     5 |    29 |    18 ||    52
       Headbutt          |     6 |    13 |    11 ||    30
       Punch             |     1 |     5 |     4 ||    10
 Fire: Blowgun           |       |     8 |       ||     8
Throw: Tomahawk          |       |       |     5 ||     5
 Cast: Beastly Appendage |     9 |    37 |    20 ||    66
       Sticks to Snakes  |     4 |     7 |     2 ||    13
       Spider Form       |       |       |    13 ||    13
       Ice Form          |       |       |     3 ||     3
Evoke: Wand              |       |     1 |       ||     1
       Deck              |       |       |     1 ||     1
  Use: Potion            |     3 |     3 |     2 ||     8
       Scroll            |       |    11 |     3 ||    14
 Stab: Distracted        |     1 |     1 |     1 ||     3
       Sleeping          |       |     3 |     2 ||     5
  Eat: Chunk             |     2 |    14 |     6 ||    22
       Pizza             |       |     3 |     1 ||     4
       Beef jerky        |       |     1 |     2 ||     3
       Meat ration       |       |       |     2 ||     2
       Fruit             |       |       |     2 ||     2
Armor: Robe              |    49 |    95 |    57 ||   201
       Skin              |       |       |    28 ||    28
Dodge: Dodged            |    85 |   216 |   264 ||   565

Vault maps used:
D:1:      eino_arrival_cavern_b
D:3:      minmay_wonky_spiral
D:4:      nicolae_tso_besieged_by_evil, first_bread
D:6:      grunt_ashenzari_visionary
D:7:      grunt_temple_overflow_diamond, nicolae_overflow_hidden_temple,
          hangedman_decor_slide_cut
D:8:      special_room
Temple:   nicolae_temple_great_sept

Notes
Turn   | Place    | Note
-------+----------+-------------------------------------------
     0 | D:1      | puppykicker the Ogre Transmuter began the quest for the Orb.
     0 | D:1      | Reached XP level 1. HP: 19/19 MP: 3/3
   237 | D:1      | Reached skill level 2 in Fighting
   437 | D:1      | Reached XP level 2. HP: 18/28 MP: 5/5
   444 | D:1      | Learned a level 2 spell: Sticks to Snakes
   599 | D:1      | Reached skill level 3 in Unarmed Combat
  1059 | D:1      | Reached XP level 3. HP: 36/36 MP: 0/6
  1445 | D:2      | HP: 3/36 [poisoned by an adder]
  1467 | D:2      | HP: 3/36 [adder (2)]
  1472 | D:2      | Reached skill level 3 in Fighting
  1472 | D:2      | Reached XP level 4. HP: 29/45 MP: 0/7
  1965 | D:2      | Reached skill level 2 in Transmutations
  2800 | D:2      | Reached skill level 4 in Unarmed Combat
  3085 | D:3      | Reached XP level 5. HP: 46/53 MP: 6/8
  3287 | D:3      | Learned a level 3 spell: Spider Form
  3291 | D:3      | Learned a level 3 spell: Ozocubu's Armour
  4295 | D:3      | Upgraded the game from 0.19-a0-1670-gc28a5d9 to 0.19-a0-1673-g1c1b307
  4570 | D:4      | Noticed Syn's ghost (amateur GrGl)
  4885 | D:4      | Reached XP level 6. HP: 20/61 MP: 8/10
  4889 | D:4      | HP: 6/61 [orc (2)]
  6333 | D:4      | Found a glowing golden altar of the Shining One.
  6890 | D:5      | Entered Level 5 of the Dungeon
  6912 | D:5      | Reached skill level 5 in Unarmed Combat
  6912 | D:5      | Reached skill level 3 in Spellcasting
  6912 | D:5      | Reached skill level 1 in Charms
  6912 | D:5      | Reached skill level 1 in Ice Magic
  6982 | D:5      | Reached XP level 7. HP: 61/67 MP: 9/11
  7315 | D:5      | Reached skill level 1 in Poison Magic
  7360 | D:5      | HP: 1/67 [hound (6)]
  7364 | D:5      | Reached skill level 3 in Transmutations
  7704 | D:5      | Found a staircase to the Ecumenical Temple.
  7713 | Temple   | Entered the Ecumenical Temple
  7805 | Temple   | Became a worshipper of Nemelex Xobeh the Trickster
  7871 | D:5      | Received a gift from Nemelex Xobeh
  8340 | D:5      | Reached skill level 6 in Unarmed Combat
  8340 | D:5      | Reached skill level 1 in Invocations
  8675 | D:5      | Reached XP level 8. HP: 58/75 MP: 12/12
  9213 | D:6      | Reached skill level 1 in Evocations
  9423 | D:6      | Reached skill level 2 in Invocations
  9757 | D:6      | Learned a level 1 spell: Summon Butterflies
  9920 | D:6      | Reached * piety under Nemelex Xobeh
 10026 | D:6      | Found a shattered altar of Ashenzari.
 10030 | D:6      | Saw a vision of the Shoals and the Spider Nest.
 10030 | D:6      | Noticed a hippogriff
 10030 | D:6      | Noticed a wolf spider
 10030 | D:6      | Noticed a wolf spider
 10030 | D:6      | Noticed a wolf spider
 10030 | D:6      | Noticed a wolf spider
 10030 | D:6      | Noticed a redback
 10030 | D:6      | Noticed a redback
 10030 | D:6      | Noticed a sea snake
 10030 | D:6      | Noticed a sea snake
 10030 | D:6      | Noticed a wolf spider
 10030 | D:6      | Noticed a hippogriff
 10031 | D:6      | Noticed a merfolk
 10112 | D:6      | Reached skill level 4 in Transmutations
 10599 | D:7      | Reached skill level 3 in Invocations
 10982 | D:7      | Reached skill level 7 in Unarmed Combat
 11096 | D:7      | Reached XP level 9. HP: 81/81 MP: 9/13
 11105 | D:7      | Reached skill level 2 in Evocations
 11269 | D:7      | Reached skill level 2 in Poison Magic
 11354 | D:7      | Received a gift from Nemelex Xobeh
 11379 | D:7      | Found a bloodstained altar of Trog.
 11379 | D:7      | Found an opulent altar of Gozag.
 11380 | D:7      | Found a burning altar of Makhleb.
 11425 | D:7      | Found a sacrificial altar of Ru.
 11432 | D:7      | Found an iron altar of Okawaru.
 11435 | D:7      | Found a deep blue altar of Sif Muna.
 11660 | D:8      | Learned a level 4 spell: Ice Form
 11669 | D:8      | Reached skill level 5 in Transmutations
 11761 | D:8      | Found a roughly hewn altar of Beogh.
 12084 | D:8      | Noticed Djon's ghost (novice HOFi)
 12341 | D:7      | HP: 6/97 [killer bee (8)]
 12341 | D:7      | Slain by an adder

Vanquished Creatures
  An ice beast (D:8)
  3 orc warriors
  A black bear (D:6)
  A phantom (D:7)
  3 centaurs
  3 ogres (D:8)
  2 big kobolds (D:7)
  3 bullfrogs
  A water moccasin skeleton (D:7)
  5 killer bees (D:8)
  A howler monkey (D:5)
  A bullfrog zombie (D:5)
  5 crimson imps
  A hound (D:7)
  A jelly (D:5)
  5 orc priests
  3 orc wizards
  2 bullfrog skeletons (D:5)
  An iguana (D:4)
  5 worker ants
  4 hound skeletons
  A worker ant zombie (D:6)
  4 gnolls
  8 adders
  2 shadow imps
  A white imp (D:4)
  An adder zombie (D:5)
  A worm (D:4)
  4 dart slugs
  6 leopard geckos
  39 orcs
  9 bats
  8 giant cockroaches
  5 goblins
  8 hobgoblins
  12 jackals
  20 kobolds
  5 quokkas
  3 ball pythons
  5 frilled lizards
  A goblin skeleton (D:4)
  A goblin zombie (D:4)
  2 hobgoblin zombies (D:4)
  A kobold skeleton (D:4)
  2 kobold zombies (D:4)
  9 rats
210 creatures vanquished.

Vanquished Creatures (collateral kills)
  A centaur (D:5)
  A hound (D:5)
  2 adders (D:2)
  2 orcs (D:2)
  A quokka (D:5)
7 creatures vanquished.

Grand Total: 217 creatures vanquished
